Map: Ulrena

Players

Drop

  • Race: Zerg Zerg
  • League: Master

Khyira - Winner!

  • Race: Terran Terran
  • League: Grandmaster

VOD

Have the link to the VOD?

Description

Time

  • Played on: Dec. 8, 2015, 2:23 p.m.
  • Length: 4:24
Show
View Real Time Build Order
Export as new Build Order

Drop Zerg 

Build Orders: Hatch First 

Get SALT Encoding   

  12  0:01  Drone  
  13  0:12  Overlord  
  13  0:17  Drone  
  14  0:30  Drone  
  14  0:31  Drone  
  14  0:34  Drone  
  17  0:45  Drone  
  18  0:56  Hatchery  
  17  1:00  Extractor  
  17  1:02  Drone  
  17  1:06  Drone  
  18  1:20  Spawning Pool  
  18  1:23  Drone  
  18  1:28  Drone  
  19  1:40  Overlord  
  19  2:07  Queen  
  21  2:08  Zergling x4  
  21  2:09  Zergling x2  
  21  2:10  Queen  
  21  2:12  Metabolic Boost  
  26  2:24  Zergling x2  
  26  2:25  Spine Crawler  
  26  2:35  Zergling x4  
  26  2:36  Zergling x4  
  28  2:56  Zergling x2  
  28  2:57  Zergling x6  
  31  3:08  Zergling x4  
  28  3:24  Zergling x2  
  28  3:25  Zergling x8  
  25  3:34  Queen  
  25  3:37  Zergling x4  
  25  3:40  Zergling x2  
  29  3:52  Zergling x2  
  28  4:03  Spine Crawler  
Show
View Real Time Build Order
Export as new Build Order

Khyira Terran - Winner!

Build Orders:  

Get SALT Encoding   

  12  0:00  SCV  
  13  0:13  SCV  
  14  0:18  Supply Depot  
  14  0:25  SCV  
  15  0:42  Barracks  
  15  0:49  Barracks  
  15  0:53  SCV  
  16  1:08  Barracks  
  16  1:11  SCV  
  17  1:29  Orbital Command, Marine  
  18  1:35  Marine  
  18  1:37  Supply Depot  
  19  1:47  Marine  
  19  1:50  Bunker  
  20  1:59  Marine x2  
  22  2:05  Supply Depot  
  22  2:09  Marine  
  22  2:15  SCV  
  24  2:19  Marine x2  
  26  2:27  Marine  
  27  2:37  Marine x2  
  30  2:44  SCV  
  30  2:45  Marine  
  31  2:54  Refinery x2, Marine  
  31  2:55  Marine  
  31  2:56  SCV  
  34  3:02  Marine  
  34  3:12  Supply Depot, Marine  
  34  3:13  Marine  
  34  3:14  SCV  
  36  3:25  Marine  
  32  3:30  Marine  
  32  3:33  SCV  
  33  3:39  Marine  
  33  3:43  Marine  
  33  3:44  Factory  
  32  3:51  SCV  
  32  3:54  Marine  
  34  3:56  Marine  
  34  4:01  Marine  
  36  4:09  SCV  
  37  4:16  Bunker x2  
Tags
 
Add a new tag
Caveats
  • Supply blocks, unpowered buildings, or Contaminate may cause inaccurate times.
  • Supply counts are checked every 10 seconds.